Wolfpack vs Condors

Created - Saturday, January 11, 2025 at 23:38

Goals
1 2 3 T
Wolfpack 2 1 2 5
Condors 1 3 2 6
Shots
1 2 3 T
Wolfpack 12 16 14 42
Condors 14 8 12 34

1st period

1. Wolfpack , John Leonard 13 (Vasili Ponomarev 15, Cole Schneider 12) at 1:06
2. Wolfpack , Josh Mahura 6 (Mavrik Bourque 32, Drake Caggiula 6) at 3:17 (PP)
3. Condors , Tristen Nielsen 6 (Joel Kiviranta 16, Joseph Duszak 16) at 16:18

Penalties :
Brendan Gaunce (BAK) for Interference (Minor) at 2:55, Steven Fogarty (BAK) for Roughing (Minor) at 5:46, Brendan Gaunce (BAK) for Slashing (Minor) at 13:17, Drew Helleson (HAR) for Roughing (Minor) at 19:41

2nd period

4. Condors , Joel Kiviranta 17 (Jack Studnicka 15, Steven Fogarty 22) at 0:07 (PP)
5. Condors , Mason Jobst 13 (Bryan Yoon 5, Brendan Gaunce 32) at 1:24
6. Condors , Isak Rosen 20 (Xavier Ouellet 14) at 6:31
7. Wolfpack , Marco Scandella 1 (Josh Mahura 21, Mackenzie Entwistle 21) at 9:31 (PP)

Penalties :
Dillon Heatherington (HAR) for Cross-checking (Minor) at 3:03, Alex Belzile (BAK) for Diving (Minor) at 7:22, Aidan Fulp (BAK) for Holding (Minor) at 8:16, Cameron Wright (BAK) for Cross-checking (Minor) at 11:59, Bryan Yoon (BAK) for Tripping (Minor) at 15:53, Bryan Yoon (BAK) for High sticking (Minor) at 18:04

3rd period

8. Wolfpack , Josh Mahura 7 (Marco Scandella 24, Charles Hudon 24) at 7:19 (PP)
9. Condors , Isak Rosen 21 (Brendan Gaunce 33, Mason Jobst 31) at 10:05 (PP)
10. Condors , Tristen Nielsen 7 (Matthew Strome 7, Joel Kiviranta 17) at 18:18
11. Wolfpack , Gage Quinney 4 (Jacob MacDonald 16, Charles Hudon 25) at 18:48

Penalties :
Matthew Strome (BAK) for High sticking (Minor) at 0:57, John Leonard (HAR) for Roughing (Minor) at 3:58, Patrik Koch (BAK) for Cross-checking (Minor) at 6:14, Nicolas Deslauriers (HAR) for Cross-checking (Minor) at 8:40, Dillon Heatherington (HAR) for Roughing (Minor) at 10:59

Goalie Stats

Cal Petersen (HAR), 15 saves from 17 shots - (0.882), L, 0-1-0, 32:33 minutes
Jesper Wallstedt (HAR), 13 saves from 17 shots - (0.765), 26:31 minutes
Peyton Jones (BAK), 37 saves from 42 shots - (0.881), W, 16-18-4, 60:00 minutes

Players Stats for Wolfpack

Player Name              G  A  P  +/- PIM S  H  SB GA TA FO     MP     PP MP  PK MP  
------------------------------------------------------------------------------------
Charles Hudon            0  2  2  -1  0   1  1  0  0  0  17/21  20:00   7:23   2:26 
Cole Schneider           0  1  1   0  0   1  2  1  0  0  1/2    13:11   0:00   0:53 
Colton White             0  0  0  -2  0   0  0  0  0  0  0/0     7:02   0:33   0:00 
Dillon Heatherington     0  0  0   0  4   0  5  1  0  0  0/0    15:15   1:42   0:00 
Drake Caggiula           0  1  1   0  0   3  1  0  0  0  2/3    18:06   8:07   2:26 
Drew Helleson            0  0  0   0  2   0  1  3  0  0  0/0    13:39   0:00   0:00 
Gage Quinney             1  0  1  -1  0   7  0  0  0  0  0/4    18:20   7:23   0:12 
Jacob MacDonald          0  1  1   0  0   3  1  1  0  0  0/0    20:10   6:36   3:36 
John Leonard             1  0  1   0  2   7  4  1  0  0  0/1    13:09   0:52   0:00 
Josh Mahura              2  1  3   0  0   4  0  0  0  0  0/0    19:36   8:21   4:12 
Mackenzie Entwistle      0  1  1   0  0   2  3  0  0  0  1/3    19:48   7:34   4:41 
Marco Scandella          1  1  2  -2  0   2  0  1  0  0  0/0    24:05   7:12   4:12 
Matthew Phillips         0  0  0  -1  0   0  1  0  0  0  0/1     6:40   0:00   0:00 
Mavrik Bourque           0  1  1  -1  0   1  1  0  0  0  17/30  26:44   8:07   4:58 
Nicolas Deslauriers      0  0  0  -1  2   4  6  0  0  0  1/1    17:14   7:04   0:00 
Tyler Madden             0  0  0  -1  0   2  1  0  0  0  3/9     6:40   0:00   0:00 
Vasili Ponomarev         0  1  1   0  0   4  0  0  0  0  9/17   12:18   0:00   0:00 
Will Butcher             0  0  0   0  0   1  0  0  0  0  0/0    20:10   6:36   3:36 

Players Stats for Condors

Player Name              G  A  P  +/- PIM S  H  SB GA TA FO     MP     PP MP  PK MP  
------------------------------------------------------------------------------------
Aidan Fulp               0  0  0  -1  2   1  1  1  0  0  0/0    19:17   3:10   5:32 
Alex Belzile             0  0  0  -1  2   2  0  0  0  0  6/10    7:31   0:00   0:00 
Brendan Gaunce           0  2  2   1  4   2  2  0  0  0  12/22  18:19   3:58   5:06 
Bryan Yoon               0  1  1   1  4   0  0  1  0  0  0/0    14:58   0:00   1:31 
Cameron Wright           0  0  0   0  2   5  1  0  0  0  0/1    13:13   0:00   0:00 
Dean Stewart             0  0  0  -1  0   0  2  3  0  0  0/0    20:53   3:45   6:35 
Isak Rosen               2  0  2   1  0   5  0  1  0  0  4/15   21:30   4:17   7:56 
Jack Studnicka           0  1  1  -1  0   1  0  0  0  0  3/7    16:37   3:31   5:34 
Jan Mysak                0  0  0   0  0   0  0  0  0  0  0/0     2:34   0:35   0:00 
Joel Kiviranta           1  2  3   1  0   6  3  0  0  0  0/0    22:56   3:31   6:46 
Joseph Duszak            0  1  1   2  0   0  2  2  0  0  0/0    24:10   4:03   7:34 
Kyle Rau                 0  0  0   0  0   2  0  0  0  0  1/1    14:23   0:00   1:31 
Mason Jobst              1  1  2   1  0   4  0  0  0  0  2/2    13:34   4:17   0:00 
Matthew Strome           0  1  1   2  2   2  0  0  0  0  0/0     6:38   0:00   0:00 
Patrik Koch              0  0  0   1  2   0  5  1  0  0  0/0    16:26   0:35   2:26 
Steven Fogarty           0  1  1   0  2   2  0  2  0  0  10/25  16:28   3:15   0:00 
Tristen Nielsen          2  0  2   2  0   2  1  0  0  0  3/9     9:41   0:00   3:02 
Xavier Ouellet           0  1  1   2  0   0  2  2  0  0  0/0    24:07   4:03   7:21 

3 Stars

1 - Joel Kiviranta (BAK)
2 - Tristen Nielsen (BAK)
3 - Josh Mahura (HAR)

Power Play

Wolfpack - 3 on 10 Attempt(s) - 30.00%
Condors - 2 on 5 Attempt(s) - 40.00%

Penalty Kill

Wolfpack - 3 on 5 Attempt(s) - 60.00% - Score 0 goal in Penalty Kill
Condors - 7 on 10 Attempt(s) - 70.00% - Score 0 goal in Penalty Kill

Team Stat

Wolfpack - Hits : 27 - Faceoff Wins : 51 - Blocked Shots : 8 - Penalty Minutes : 10
Condors - Hits : 19 - Faceoff Wins : 41 - Blocked Shots : 13 - Penalty Minutes : 20

Official

Referees : Brian Pochmara and Marc Joannette
Linesman : Jesse Marquis and Travis Gawryletz

Game Notes

Cal Petersen enters game at 6:31 of 2nd period

Finance

Level 1 -- Attendance: 1908 (95.40%) -- Ticket Income $66,780
Level 2 -- Attendance: 914 (91.40%) -- Ticket Income $13,710
Total Attendance: 2822 (94.07%)
Total Ticket Income: $80,490
Other Income: $39,440
Total Income: $119,930

Wolfpack

5 vs 5 Forward 
   Center                   Left Wing                Right Wing               Time % Phy DF OF 
 1 Mavrik Bourque           Mackenzie Entwistle      Drake Caggiula           25     1   2  2  
 2 Charles Hudon            Gage Quinney             Nicolas Deslauriers      25     1   2  2  
 3 Vasili Ponomarev         Cole Schneider           John Leonard             25     1   2  2  
 4 Tyler Madden             Mavrik Bourque           Matthew Phillips         25     1   2  2  

5 vs 5 Defense 
   Defense                  Defense                                           Time % Phy DF OF 
 1 Marco Scandella          Josh Mahura                                       25     1   2  2  
 2 Jacob MacDonald          Will Butcher                                      25     1   2  2  
 3 Dillon Heatherington     Drew Helleson                                     25     1   2  2  
 4 Colton White             Marco Scandella                                   25     1   2  2  

PowerPlay Forward 
   Center                   Left Wing                Right Wing               Time % Phy DF OF 
 1 Mavrik Bourque           Mackenzie Entwistle      Drake Caggiula           60     1   2  2  
 2 Charles Hudon            Gage Quinney             Nicolas Deslauriers      40     1   2  2  

PowerPlay Defense
   Defense                  Defense                                           Time % Phy DF OF 
 1 Marco Scandella          Josh Mahura                                       60     1   2  2  
 2 Jacob MacDonald          Will Butcher                                      40     1   2  2  

Penalty Kill 4 Players Forward 
   Center                   Wing                     Time % Phy DF OF 
 1 Mavrik Bourque           Mackenzie Entwistle      60     1   2  2  
 2 Drake Caggiula           Charles Hudon            40     1   2  2  

Penalty Kill 4 Players Defense
   Defense                  Defense                  Time % Phy DF OF 
 1 Marco Scandella          Josh Mahura              60     1   2  2  
 2 Jacob MacDonald          Will Butcher             40     1   2  2  

Penalty Kill - 3 Players Forward 
   Forward                                           Time % Phy DF OF 
 1 Mavrik Bourque                                    60     1   2  2  
 2 Mackenzie Entwistle                               40     1   2  2  

Penalty Kill - 3 Players Defense
   Defense                  Defense                  Time % Phy DF OF 
 1 Marco Scandella          Josh Mahura              60     1   2  2  
 2 Jacob MacDonald          Will Butcher             40     1   2  2  

4 vs 4 Forward 
   Center                   Wing                     Time % Phy DF OF 
 1 Mavrik Bourque           Mackenzie Entwistle      60     1   2  2  
 2 Drake Caggiula           Charles Hudon            40     1   2  2  

4 vs 4 Defense
   Defense                  Defense                  Time % Phy DF OF 
 1 Marco Scandella          Josh Mahura              60     1   2  2  
 2 Jacob MacDonald          Will Butcher             40     1   2  2  

Last Minutes Offensive
   Center                   Left Wing                Right Wing               Defense                  Defense                  
   Mavrik Bourque           Mackenzie Entwistle      Drake Caggiula           Marco Scandella          Josh Mahura              

Last Minutes Defensive
   Center                   Left Wing                Right Wing               Defense                  Defense                  
   Mavrik Bourque           Mackenzie Entwistle      Drake Caggiula           Marco Scandella          Josh Mahura              

Goaltenders
Starting : Jesper Wallstedt         
Backup : Cal Petersen             

Extra Forwards
Normal : John Leonard, Vasili Ponomarev, Cole Schneider - PP : John Leonard, Vasili Ponomarev - PK : Cole Schneider
Extra Defensemen
Normal : Dillon Heatherington, Drew Helleson, Colton White - PP : Dillon Heatherington - PK : Drew Helleson, Colton White
Penalty Shots
Mavrik Bourque, Mackenzie Entwistle, Drake Caggiula, Charles Hudon, Nicolas Deslauriers
Custom OT Lines Forwards
Mavrik Bourque, Mackenzie Entwistle, Drake Caggiula, Charles Hudon, Nicolas Deslauriers, John Leonard, Vasili Ponomarev, Gage Quinney, Cole Schneider, Tyler Madden
Custom OT Lines Defensemen
Marco Scandella, Josh Mahura, Jacob MacDonald, Will Butcher, Dillon Heatherington

Scratches
Wade Allison (Healthy), Emil Bemstrom (Healthy), Skyler Brind'Amour (Healthy), Montana Onyebuchi (Healthy), Matt Filipe (Healthy)
Dave Gust (Healthy), Matt Kiersted (Healthy), Zach Sawchenko (Healthy)

Condors

5 vs 5 Forward 
   Center                   Left Wing                Right Wing               Time % Phy DF OF 
 1 Alex Belzile             Joel Kiviranta           Jack Studnicka           25     1   2  2  
 2 Brendan Gaunce           Mason Jobst              Isak Rosen               25     1   2  2  
 3 Steven Fogarty           Kyle Rau                 Cameron Wright           25     1   2  2  
 4 Tristen Nielsen          Matthew Strome           Joel Kiviranta           25     1   2  2  

5 vs 5 Defense 
   Defense                  Defense                                           Time % Phy DF OF 
 1 Xavier Ouellet           Joseph Duszak                                     25     1   2  2  
 2 Dean Stewart             Aidan Fulp                                        25     1   2  2  
 3 Patrik Koch              Bryan Yoon                                        25     1   2  2  
 4 Xavier Ouellet           Joseph Duszak                                     25     1   2  2  

PowerPlay Forward 
   Center                   Left Wing                Right Wing               Time % Phy DF OF 
 1 Steven Fogarty           Joel Kiviranta           Jack Studnicka           60     1   2  2  
 2 Brendan Gaunce           Mason Jobst              Isak Rosen               40     1   2  2  

PowerPlay Defense
   Defense                  Defense                                           Time % Phy DF OF 
 1 Xavier Ouellet           Joseph Duszak                                     60     1   2  2  
 2 Dean Stewart             Aidan Fulp                                        40     1   2  2  

Penalty Kill 4 Players Forward 
   Center                   Wing                     Time % Phy DF OF 
 1 Isak Rosen               Joel Kiviranta           60     1   2  2  
 2 Jack Studnicka           Brendan Gaunce           40     1   2  2  

Penalty Kill 4 Players Defense
   Defense                  Defense                  Time % Phy DF OF 
 1 Xavier Ouellet           Joseph Duszak            60     1   2  2  
 2 Dean Stewart             Aidan Fulp               40     1   2  2  

Penalty Kill - 3 Players Forward 
   Forward                                           Time % Phy DF OF 
 1 Jack Studnicka                                    60     1   2  2  
 2 Brendan Gaunce                                    40     1   2  2  

Penalty Kill - 3 Players Defense
   Defense                  Defense                  Time % Phy DF OF 
 1 Xavier Ouellet           Joseph Duszak            60     1   2  2  
 2 Dean Stewart             Aidan Fulp               40     1   2  2  

4 vs 4 Forward 
   Center                   Wing                     Time % Phy DF OF 
 1 Steven Fogarty           Joel Kiviranta           60     1   2  2  
 2 Jack Studnicka           Brendan Gaunce           40     1   2  2  

4 vs 4 Defense
   Defense                  Defense                  Time % Phy DF OF 
 1 Xavier Ouellet           Joseph Duszak            60     1   2  2  
 2 Dean Stewart             Aidan Fulp               40     1   2  2  

Last Minutes Offensive
   Center                   Left Wing                Right Wing               Defense                  Defense                  
   Alex Belzile             Joel Kiviranta           Jack Studnicka           Xavier Ouellet           Joseph Duszak            

Last Minutes Defensive
   Center                   Left Wing                Right Wing               Defense                  Defense                  
   Alex Belzile             Joel Kiviranta           Jack Studnicka           Xavier Ouellet           Joseph Duszak            

Goaltenders
Starting : Peyton Jones             
Backup : Matt Tomkins             

Extra Forwards
Normal : Jan Mysak, Steven Fogarty, Tristen Nielsen - PP : Jan Mysak, Steven Fogarty - PK : Tristen Nielsen
Extra Defensemen
Normal : Patrik Koch, Xavier Ouellet, Dean Stewart - PP : Patrik Koch - PK : Joseph Duszak, Dean Stewart
Penalty Shots
Tristen Nielsen, Joel Kiviranta, Jack Studnicka, Brendan Gaunce, Isak Rosen
Custom OT Lines Forwards
Joel Kiviranta, Alex Belzile, Jack Studnicka, Brendan Gaunce, Isak Rosen, Steven Fogarty, Mason Jobst, Tristen Nielsen, Kyle Rau, Cameron Wright
Custom OT Lines Defensemen
Xavier Ouellet, Joseph Duszak, Dean Stewart, Aidan Fulp, Patrik Koch

Scratches
Austin Osmanski (Healthy), Cavan Fitzgerald (Healthy), Louis Boudon (Healthy), Casey Dornbach (Healthy), Jarid Lukosevicius (Healthy)
Alex Kannok Leipert (Healthy), Matej Pekar (Healthy), Ken Appleby (Healthy), Dustin Tokarski (Healthy)

% Time on Ice - Wolfpack

Lines # - Real PCT - Wanted PCT - Time Play
Normal Forward
1 - 19% - 25% - 6:48
2 - 28% - 25% - 10:11
3 - 34% - 25% - 12:18
4 - 19% - 25% - 6:40
Normal Defense
1 - 18% - 25% - 6:18
2 - 28% - 25% - 9:58
3 - 38% - 25% - 13:40
4 - 17% - 25% - 6:01
PP Forward
1 - 52% - 60% - 8:07
2 - 48% - 40% - 7:23
PP Defense
1 - 57% - 60% - 8:54
2 - 43% - 40% - 6:36
PK Forward
1 - 69% - 60% - 5:22
2 - 31% - 40% - 2:26
PK Defense
1 - 54% - 60% - 4:12
2 - 46% - 40% - 3:36
PK3 Forward
1 - 0% - 60%
2 - 0% - 40%
PK3 Defense
1 - 0% - 60%
2 - 0% - 40%
44 Forward
1 - 0% - 60%
2 - 0% - 40%
44 Defense
1 - 0% - 60%
2 - 0% - 40%
Last Minute Offensive  - 0:45
Last Minute Defensive  - 0:00
Total
Forward - 60:00
Defense - 60:00

% Time on Ice - Condors

Lines # - Real PCT - Wanted PCT - Time Play
Normal Forward
1 - 19% - 25% - 6:47
2 - 26% - 25% - 9:17
3 - 37% - 25% - 13:14
4 - 18% - 25% - 6:39
Normal Defense
1 - 17% - 25% - 6:03
2 - 29% - 25% - 10:35
3 - 38% - 25% - 13:34
4 - 16% - 25% - 5:45
PP Forward
1 - 45% - 60% - 3:31
2 - 55% - 40% - 4:17
PP Defense
1 - 59% - 60% - 4:38
2 - 41% - 40% - 3:10
PK Forward
1 - 66% - 60% - 9:33
2 - 34% - 40% - 4:52
PK Defense
1 - 53% - 60% - 7:35
2 - 47% - 40% - 6:50
PK3 Forward
1 - 65% - 60% - 0:42
2 - 35% - 40% - 0:23
PK3 Defense
1 - 0% - 60% - 0:00
2 - 100% - 40% - 1:05
44 Forward
1 - 0% - 60%
2 - 0% - 40%
44 Defense
1 - 0% - 60%
2 - 0% - 40%
Last Minute Offensive  - 0:00
Last Minute Defensive  - 0:45
Total
Forward - 60:00
Defense - 60:00

Play-by-Play

1st period


0:01 of 1st period - Drake Caggiula wins face-off versus Alex Belzile in neutral zone.
0:08 of 1st period - Shot by Mavrik Bourque.
0:08 of 1st period - Shot Misses the Net.
0:50 of 1st period - Shot by Nicolas Deslauriers.
0:50 of 1st period - Shot Blocked by Xavier Ouellet.
0:52 of 1st period - Shot by Gage Quinney.
0:52 of 1st period - Stopped by Peyton Jones without a rebound.
0:53 of 1st period - Vasili Ponomarev wins face-off versus Brendan Gaunce in Condors zone.
0:54 of 1st period - Shot by Cole Schneider.
0:54 of 1st period - Deflect By Vasili Ponomarev.
0:54 of 1st period - Shot Misses the Net.
1:06 of 1st period - Shot by John Leonard.
1:06 of 1st period - Goal by John Leonard - Wolfpack : 1 - Condors : 0.
1:07 of 1st period - Steven Fogarty wins face-off versus Gage Quinney in neutral zone.
1:34 of 1st period - Shot by Nicolas Deslauriers.
1:34 of 1st period - Deflect By Charles Hudon.
1:34 of 1st period - Stopped by Peyton Jones without a rebound.
1:35 of 1st period - Brendan Gaunce wins face-off versus Matthew Phillips in Condors zone.
1:35 of 1st period - Brendan Gaunce is hit by Mavrik Bourque.
1:55 of 1st period - Shot by Mason Jobst.
1:55 of 1st period - Stopped by Jesper Wallstedt without a rebound.
1:56 of 1st period - Tristen Nielsen wins face-off versus Vasili Ponomarev in Wolfpack zone.
1:56 of 1st period - Tristen Nielsen is hit by Dillon Heatherington.
2:00 of 1st period - Shot by Joel Kiviranta.
2:00 of 1st period - Deflect By Matthew Strome.
2:00 of 1st period - Stopped by Jesper Wallstedt with a rebound.
2:02 of 1st period - Shot by Matthew Strome.
2:02 of 1st period - Shot Blocked by Drew Helleson.
2:04 of 1st period - Shot by Xavier Ouellet.
2:04 of 1st period - Shot Blocked by Drew Helleson.
2:06 of 1st period - Shot by Joel Kiviranta.
2:06 of 1st period - Deflect By Matthew Strome.
2:06 of 1st period - Shot Blocked by Cole Schneider.
2:08 of 1st period - Shot by Matthew Strome.
2:08 of 1st period - Deflect By Joel Kiviranta.
2:08 of 1st period - Stopped by Jesper Wallstedt with a rebound.
2:10 of 1st period - Shot by Joel Kiviranta.
2:10 of 1st period - Stopped by Jesper Wallstedt with a rebound.
2:12 of 1st period - Shot by Joel Kiviranta.
2:12 of 1st period - Shot Misses the Net.
2:14 of 1st period - Shot by Xavier Ouellet.
2:14 of 1st period - Shot Misses the Net.
2:48 of 1st period - Shot by Kyle Rau.
2:48 of 1st period - Shot Blocked by John Leonard.
2:50 of 1st period - Shot by Kyle Rau.
2:50 of 1st period - Shot Misses the Net.
2:52 of 1st period - Shot by Kyle Rau.
2:52 of 1st period - Deflect By Cameron Wright.
2:52 of 1st period - Stopped by Jesper Wallstedt without a rebound.
2:53 of 1st period - Mason Jobst wins face-off versus Tyler Madden in Wolfpack zone.
2:54 of 1st period - Shot by Brendan Gaunce.
2:54 of 1st period - Deflect By Mason Jobst.
2:54 of 1st period - Shot Misses the Net.
2:55 of 1st period - Minor Penalty to Brendan Gaunce for Interference.
2:56 of 1st period - Mavrik Bourque wins face-off versus Isak Rosen in Condors zone.
3:15 of 1st period - Shot by Mavrik Bourque.
3:15 of 1st period - Shot Misses the Net.
3:17 of 1st period - Shot by Josh Mahura.
3:17 of 1st period - Goal by Josh Mahura - Wolfpack : 2 - Condors : 0.
3:18 of 1st period - Nicolas Deslauriers wins face-off versus Steven Fogarty in neutral zone.
5:21 of 1st period - Shot by John Leonard.
5:21 of 1st period - Stopped by Peyton Jones without a rebound.
5:22 of 1st period - Mavrik Bourque wins face-off versus Steven Fogarty in Condors zone.
5:45 of 1st period - Shot by Kyle Rau.
5:45 of 1st period - Stopped by Jesper Wallstedt with a rebound.
5:46 of 1st period - Minor Penalty to Steven Fogarty for Roughing.
5:47 of 1st period - Charles Hudon wins face-off versus Isak Rosen in Condors zone.
6:46 of 1st period - Jack Studnicka is hit by Mackenzie Entwistle.
9:18 of 1st period - Mackenzie Entwistle is hit by Tristen Nielsen and loses puck.
9:58 of 1st period - Jan Mysak is hit by John Leonard and loses puck.
10:03 of 1st period - Shot by John Leonard.
10:03 of 1st period - Stopped by Peyton Jones with a rebound.
10:05 of 1st period - Shot by Josh Mahura.
10:05 of 1st period - Stopped by Peyton Jones without a rebound.
10:06 of 1st period - Tyler Madden wins face-off versus Steven Fogarty in Condors zone.
10:06 of 1st period - Matthew Phillips is hit by Patrik Koch and loses puck.
10:13 of 1st period - Shot by Tyler Madden.
10:13 of 1st period - Stopped by Peyton Jones without a rebound.
10:14 of 1st period - Alex Belzile wins face-off versus Gage Quinney in Condors zone.
10:27 of 1st period - Shot by Alex Belzile.
10:27 of 1st period - Stopped by Jesper Wallstedt with a rebound.
10:33 of 1st period - Shot by Joel Kiviranta.
10:33 of 1st period - Shot Misses the Net.
11:09 of 1st period - Shot by Matthew Phillips.
11:09 of 1st period - Shot Blocked by Bryan Yoon.
11:37 of 1st period - Jacob MacDonald is hit by Cameron Wright and loses puck.
11:58 of 1st period - Shot by Isak Rosen.
11:58 of 1st period - Shot Misses the Net.
13:17 of 1st period - Minor Penalty to Brendan Gaunce for Slashing.
13:18 of 1st period - Charles Hudon wins face-off versus Tristen Nielsen in Condors zone.
13:31 of 1st period - Shot by Josh Mahura.
13:31 of 1st period - Stopped by Peyton Jones without a rebound.
13:32 of 1st period - Charles Hudon wins face-off versus Isak Rosen in Condors zone.
14:00 of 1st period - Icing by Charles Hudon.
14:01 of 1st period - Charles Hudon wins face-off versus Isak Rosen in Wolfpack zone.
15:15 of 1st period - Shot by Marco Scandella.
15:15 of 1st period - Stopped by Peyton Jones with a rebound.
15:17 of 1st period - Shot by Mackenzie Entwistle.
15:17 of 1st period - Shot Misses the Net.
15:25 of 1st period - Shot by Vasili Ponomarev.
15:25 of 1st period - Shot Blocked by Dean Stewart.
15:43 of 1st period - Shot by Cole Schneider.
15:43 of 1st period - Shot Misses the Net.
15:45 of 1st period - Shot by Cole Schneider.
15:45 of 1st period - Shot Blocked by Isak Rosen.
15:47 of 1st period - Shot by Cole Schneider.
15:47 of 1st period - Shot Hit the Post.
16:14 of 1st period - Shot by Joel Kiviranta.
16:14 of 1st period - Shot Misses the Net.
16:16 of 1st period - Shot by Joel Kiviranta.
16:16 of 1st period - Stopped by Jesper Wallstedt with a rebound.
16:18 of 1st period - Shot by Tristen Nielsen.
16:18 of 1st period - Goal by Tristen Nielsen - Wolfpack : 2 - Condors : 1.
16:19 of 1st period - Tyler Madden wins face-off versus Steven Fogarty in neutral zone.
16:30 of 1st period - Shot by Steven Fogarty.
16:30 of 1st period - Shot Misses the Net.
16:35 of 1st period - Cameron Wright is hit by Jacob MacDonald and loses puck.
17:08 of 1st period - Shot by Matthew Strome.
17:08 of 1st period - Shot Blocked by Jacob MacDonald.
17:10 of 1st period - Shot by Joel Kiviranta.
17:10 of 1st period - Deflect By Tristen Nielsen.
17:10 of 1st period - Shot Misses the Net.
17:12 of 1st period - Shot by Matthew Strome.
17:12 of 1st period - Stopped by Jesper Wallstedt without a rebound.
17:13 of 1st period - Vasili Ponomarev wins face-off versus Brendan Gaunce in Wolfpack zone.
17:26 of 1st period - Shot by Vasili Ponomarev.
17:26 of 1st period - Stopped by Peyton Jones without a rebound.
17:27 of 1st period - Charles Hudon wins face-off versus Tristen Nielsen in Condors zone.
17:29 of 1st period - Nicolas Deslauriers is hit by Dean Stewart.
17:35 of 1st period - Shot by Charles Hudon.
17:35 of 1st period - Shot Misses the Net.
18:06 of 1st period - Icing by Dillon Heatherington.
18:07 of 1st period - Brendan Gaunce wins face-off versus Charles Hudon in Wolfpack zone.
18:12 of 1st period - Shot by Isak Rosen.
18:12 of 1st period - Deflect By Mason Jobst.
18:12 of 1st period - Stopped by Jesper Wallstedt without a rebound.
18:13 of 1st period - Brendan Gaunce wins face-off versus Vasili Ponomarev in Wolfpack zone.
18:26 of 1st period - Shot by Isak Rosen.
18:26 of 1st period - Stopped by Jesper Wallstedt without a rebound.
18:27 of 1st period - Mavrik Bourque wins face-off versus Steven Fogarty in Wolfpack zone.
18:31 of 1st period - Off-side.
18:32 of 1st period - Steven Fogarty wins face-off versus Mavrik Bourque in neutral zone.
19:31 of 1st period - Shot by Gage Quinney.
19:31 of 1st period - Stopped by Peyton Jones without a rebound.
19:32 of 1st period - Alex Belzile wins face-off versus Vasili Ponomarev in Condors zone.
19:32 of 1st period - Alex Belzile is hit by Cole Schneider.
19:40 of 1st period - Shot by Alex Belzile.
19:40 of 1st period - Stopped by Jesper Wallstedt without a rebound.
19:41 of 1st period - Brendan Gaunce wins face-off versus Vasili Ponomarev in Wolfpack zone.
19:41 of 1st period - Minor Penalty to Drew Helleson for Roughing.
19:42 of 1st period - Brendan Gaunce wins face-off versus Mackenzie Entwistle in Wolfpack zone.
19:45 of 1st period - Shot by Mason Jobst.
19:45 of 1st period - Stopped by Jesper Wallstedt with a rebound.
Goals for this period are 2 for Wolfpack vs 1 for Condors.
Shots for this period are 12 for Wolfpack vs 14 for Condors.

2nd period


0:01 of 2nd period - Steven Fogarty wins face-off versus Mavrik Bourque in neutral zone.
0:01 of 2nd period - Steven Fogarty is hit by Mackenzie Entwistle.
0:07 of 2nd period - Shot by Joel Kiviranta.
0:07 of 2nd period - Goal by Joel Kiviranta - Wolfpack : 2 - Condors : 2.
0:08 of 2nd period - Alex Belzile wins face-off versus Tyler Madden in neutral zone.
0:33 of 2nd period - Marco Scandella is hit by Joseph Duszak and loses puck.
1:24 of 2nd period - Shot by Mason Jobst.
1:24 of 2nd period - Goal by Mason Jobst - Wolfpack : 2 - Condors : 3.
1:25 of 2nd period - Steven Fogarty wins face-off versus Vasili Ponomarev in neutral zone.
1:27 of 2nd period - Kyle Rau is hit by Dillon Heatherington and loses puck.
1:30 of 2nd period - Shot by Steven Fogarty.
1:30 of 2nd period - Shot Misses the Net.
1:37 of 2nd period - Off-side.
1:38 of 2nd period - Mavrik Bourque wins face-off versus Brendan Gaunce in neutral zone.
2:12 of 2nd period - Shot by Mavrik Bourque.
2:12 of 2nd period - Shot Blocked by Patrik Koch.
2:31 of 2nd period - Icing by Drew Helleson.
2:32 of 2nd period - Vasili Ponomarev wins face-off versus Steven Fogarty in Wolfpack zone.
2:45 of 2nd period - Shot by Vasili Ponomarev.
2:45 of 2nd period - Stopped by Peyton Jones without a rebound.
2:46 of 2nd period - Charles Hudon wins face-off versus Tristen Nielsen in Condors zone.
2:55 of 2nd period - Shot by Gage Quinney.
2:55 of 2nd period - Shot Misses the Net.
2:57 of 2nd period - Shot by Jacob MacDonald.
2:57 of 2nd period - Stopped by Peyton Jones without a rebound.
2:58 of 2nd period - Kyle Rau wins face-off versus Tyler Madden in Condors zone.
2:58 of 2nd period - Kyle Rau is hit by Matthew Phillips.
3:03 of 2nd period - Minor Penalty to Dillon Heatherington for Cross-checking.
3:04 of 2nd period - Steven Fogarty wins face-off versus Mavrik Bourque in Wolfpack zone.
3:58 of 2nd period - Icing by Isak Rosen.
3:59 of 2nd period - Mavrik Bourque wins face-off versus Brendan Gaunce in Condors zone.
4:56 of 2nd period - Josh Mahura is hit by Joel Kiviranta and loses puck.
5:16 of 2nd period - Shot by Gage Quinney.
5:16 of 2nd period - Stopped by Peyton Jones with a rebound.
5:53 of 2nd period - Shot by Vasili Ponomarev.
5:53 of 2nd period - Shot Misses the Net.
5:55 of 2nd period - Shot by Jacob MacDonald.
5:55 of 2nd period - Shot Misses the Net.
6:01 of 2nd period - Shot by John Leonard.
6:01 of 2nd period - Stopped by Peyton Jones without a rebound.
6:02 of 2nd period - Brendan Gaunce wins face-off versus Tyler Madden in Condors zone.
6:29 of 2nd period - Shot by Isak Rosen.
6:29 of 2nd period - Shot Misses the Net.
6:31 of 2nd period - Shot by Isak Rosen.
6:31 of 2nd period - Goal by Isak Rosen - Wolfpack : 2 - Condors : 4.
6:31 of 2nd period - Cal Petersen enters game.
6:32 of 2nd period - Vasili Ponomarev wins face-off versus Steven Fogarty in neutral zone.
6:35 of 2nd period - Cameron Wright is hit by John Leonard and loses puck.
6:55 of 2nd period - Shot by John Leonard.
6:55 of 2nd period - Stopped by Peyton Jones without a rebound.
6:56 of 2nd period - Charles Hudon wins face-off versus Alex Belzile in Condors zone.
6:56 of 2nd period - Nicolas Deslauriers is hit by Dean Stewart and loses puck.
7:22 of 2nd period - Minor Penalty to Alex Belzile for Diving.
7:23 of 2nd period - Mavrik Bourque wins face-off versus Isak Rosen in Condors zone.
8:08 of 2nd period - Shot by Jacob MacDonald.
8:08 of 2nd period - Stopped by Peyton Jones without a rebound.
8:09 of 2nd period - Charles Hudon wins face-off versus Jack Studnicka in Condors zone.
8:09 of 2nd period - Charles Hudon is hit by Aidan Fulp.
8:15 of 2nd period - Shot by Nicolas Deslauriers.
8:15 of 2nd period - Shot Blocked by Dean Stewart.
8:16 of 2nd period - Minor Penalty to Aidan Fulp for Holding.
8:17 of 2nd period - Jack Studnicka wins face-off versus Gage Quinney in Condors zone.
8:17 of 2nd period - Xavier Ouellet is hit by Nicolas Deslauriers and loses puck.
9:01 of 2nd period - Icing by Josh Mahura.
9:02 of 2nd period - Brendan Gaunce wins face-off versus Mavrik Bourque in Wolfpack zone.
9:17 of 2nd period - Shot by Josh Mahura.
9:17 of 2nd period - Shot Misses the Net.
9:19 of 2nd period - Shot by Josh Mahura.
9:19 of 2nd period - Shot Misses the Net.
9:21 of 2nd period - Shot by Mackenzie Entwistle.
9:21 of 2nd period - Shot Blocked by Xavier Ouellet.
9:31 of 2nd period - Shot by Marco Scandella.
9:31 of 2nd period - Goal by Marco Scandella - Wolfpack : 3 - Condors : 4.
9:32 of 2nd period - Steven Fogarty wins face-off versus Cole Schneider in neutral zone.
9:32 of 2nd period - Steven Fogarty is hit by Cole Schneider.
9:49 of 2nd period - Steven Fogarty is hit by Dillon Heatherington and loses puck.
10:01 of 2nd period - Icing by Cole Schneider.
10:02 of 2nd period - Vasili Ponomarev wins face-off versus Brendan Gaunce in Wolfpack zone.
10:11 of 2nd period - Shot by John Leonard.
10:11 of 2nd period - Stopped by Peyton Jones with a rebound.
10:18 of 2nd period - Icing by Isak Rosen.
10:19 of 2nd period - Mavrik Bourque wins face-off versus Brendan Gaunce in Condors zone.
10:24 of 2nd period - Shot by Mackenzie Entwistle.
10:24 of 2nd period - Stopped by Peyton Jones without a rebound.
10:25 of 2nd period - Mavrik Bourque wins face-off versus Alex Belzile in Condors zone.
10:38 of 2nd period - Shot by Jack Studnicka.
10:38 of 2nd period - Stopped by Cal Petersen with a rebound.
10:49 of 2nd period - Shot by Jack Studnicka.
10:49 of 2nd period - Shot Misses the Net.
10:51 of 2nd period - Shot by Joel Kiviranta.
10:51 of 2nd period - Shot Misses the Net.
10:53 of 2nd period - Shot by Joel Kiviranta.
10:53 of 2nd period - Shot Misses the Net.
11:46 of 2nd period - Mason Jobst is hit by Nicolas Deslauriers and loses puck.
11:53 of 2nd period - Will Butcher is hit by Brendan Gaunce and loses puck.
11:59 of 2nd period - Minor Penalty to Cameron Wright for Cross-checking.
12:00 of 2nd period - Mackenzie Entwistle wins face-off versus Isak Rosen in Condors zone.
12:21 of 2nd period - Shot by Mavrik Bourque.
12:21 of 2nd period - Deflect By Drake Caggiula.
12:21 of 2nd period - Shot Misses the Net.
12:23 of 2nd period - Shot by Josh Mahura.
12:23 of 2nd period - Shot Blocked by Joseph Duszak.
12:27 of 2nd period - Shot by Mackenzie Entwistle.
12:27 of 2nd period - Stopped by Peyton Jones with a rebound.
12:29 of 2nd period - Shot by Josh Mahura.
12:29 of 2nd period - Shot Misses the Net.
12:42 of 2nd period - Icing by Will Butcher.
12:43 of 2nd period - Charles Hudon wins face-off versus Brendan Gaunce in Wolfpack zone.
14:23 of 2nd period - Shot by Jan Mysak.
14:23 of 2nd period - Deflect By Steven Fogarty.
14:23 of 2nd period - Stopped by Cal Petersen with a rebound.
14:25 of 2nd period - Shot by Cameron Wright.
14:25 of 2nd period - Stopped by Cal Petersen without a rebound.
14:26 of 2nd period - Alex Belzile wins face-off versus Tyler Madden in Wolfpack zone.
15:16 of 2nd period - Shot by Steven Fogarty.
15:16 of 2nd period - Deflect By Cameron Wright.
15:16 of 2nd period - Shot Misses the Net.
15:18 of 2nd period - Shot by Kyle Rau.
15:18 of 2nd period - Stopped by Cal Petersen with a rebound.
15:20 of 2nd period - Shot by Cameron Wright.
15:20 of 2nd period - Shot Misses the Net.
15:22 of 2nd period - Shot by Cameron Wright.
15:22 of 2nd period - Shot Blocked by Drew Helleson.
15:24 of 2nd period - Shot by Steven Fogarty.
15:24 of 2nd period - Shot Misses the Net.
15:26 of 2nd period - Shot by Steven Fogarty.
15:26 of 2nd period - Stopped by Cal Petersen without a rebound.
15:27 of 2nd period - Mason Jobst wins face-off versus Charles Hudon in Wolfpack zone.
15:40 of 2nd period - Shot by Gage Quinney.
15:40 of 2nd period - Stopped by Peyton Jones without a rebound.
15:41 of 2nd period - Mavrik Bourque wins face-off versus Steven Fogarty in Condors zone.
15:41 of 2nd period - Mackenzie Entwistle is hit by Patrik Koch and loses puck.
15:46 of 2nd period - Shot by Mackenzie Entwistle.
15:46 of 2nd period - Deflect By Mavrik Bourque.
15:46 of 2nd period - Shot Misses the Net.
15:53 of 2nd period - Minor Penalty to Bryan Yoon for Tripping.
15:54 of 2nd period - Charles Hudon wins face-off versus Isak Rosen in Condors zone.
15:57 of 2nd period - Shot by Nicolas Deslauriers.
15:57 of 2nd period - Stopped by Peyton Jones without a rebound.
15:58 of 2nd period - Charles Hudon wins face-off versus Isak Rosen in Condors zone.
15:59 of 2nd period - Shot by Josh Mahura.
15:59 of 2nd period - Shot Blocked by Aidan Fulp.
16:27 of 2nd period - Shot by Nicolas Deslauriers.
16:27 of 2nd period - Stopped by Peyton Jones with a rebound.
16:37 of 2nd period - Jack Studnicka is hit by Nicolas Deslauriers and loses puck.
17:02 of 2nd period - Icing by Drake Caggiula.
17:03 of 2nd period - Isak Rosen wins face-off versus Mavrik Bourque in Wolfpack zone.
17:22 of 2nd period - Shot by Mavrik Bourque.
17:22 of 2nd period - Shot Hit the Post.
17:32 of 2nd period - Shot by Drake Caggiula.
17:32 of 2nd period - Stopped by Peyton Jones with a rebound.
17:34 of 2nd period - Shot by Mackenzie Entwistle.
17:34 of 2nd period - Shot Misses the Net.
17:36 of 2nd period - Shot by Will Butcher.
17:36 of 2nd period - Shot Blocked by Dean Stewart.
17:40 of 2nd period - Shot by Mavrik Bourque.
17:40 of 2nd period - Stopped by Peyton Jones without a rebound.
17:41 of 2nd period - Mavrik Bourque wins face-off versus Jack Studnicka in Condors zone.
17:54 of 2nd period - Shot by Drake Caggiula.
17:54 of 2nd period - Shot Blocked by Steven Fogarty.
18:04 of 2nd period - Minor Penalty to Bryan Yoon for High sticking.
18:05 of 2nd period - Isak Rosen wins face-off versus Gage Quinney in Condors zone.
18:05 of 2nd period - Isak Rosen is hit by Nicolas Deslauriers.
18:23 of 2nd period - Joel Kiviranta is hit by Nicolas Deslauriers and loses puck.
19:17 of 2nd period - Off-side.
19:18 of 2nd period - Charles Hudon wins face-off versus Isak Rosen in neutral zone.
19:36 of 2nd period - Shot by Will Butcher.
19:36 of 2nd period - Stopped by Peyton Jones without a rebound.
19:37 of 2nd period - Brendan Gaunce wins face-off versus Charles Hudon in Condors zone.
Goals for this period are 1 for Wolfpack vs 3 for Condors.
Shots for this period are 16 for Wolfpack vs 8 for Condors.

3rd period


0:01 of 3rd period - Isak Rosen wins face-off versus Mavrik Bourque in neutral zone.
0:14 of 3rd period - Patrik Koch is hit by Charles Hudon.
0:25 of 3rd period - Nicolas Deslauriers is hit by Joel Kiviranta and loses puck.
0:30 of 3rd period - Shot by Gage Quinney.
0:30 of 3rd period - Stopped by Peyton Jones with a rebound.
0:41 of 3rd period - Charles Hudon is hit by Patrik Koch and loses puck.
0:49 of 3rd period - Icing by Tristen Nielsen.
0:50 of 3rd period - Tristen Nielsen wins face-off versus Mackenzie Entwistle in Condors zone.
0:50 of 3rd period - Tristen Nielsen is hit by Drake Caggiula.
0:57 of 3rd period - Minor Penalty to Matthew Strome for High sticking.
0:58 of 3rd period - Jack Studnicka wins face-off versus Mavrik Bourque in Condors zone.
1:20 of 3rd period - Shot by Isak Rosen.
1:20 of 3rd period - Stopped by Cal Petersen with a rebound.
1:43 of 3rd period - Icing by Mackenzie Entwistle.
1:44 of 3rd period - Isak Rosen wins face-off versus Drake Caggiula in Wolfpack zone.
2:09 of 3rd period - Shot by Joel Kiviranta.
2:09 of 3rd period - Stopped by Cal Petersen without a rebound.
2:10 of 3rd period - Charles Hudon wins face-off versus Jack Studnicka in Wolfpack zone.
2:37 of 3rd period - Charles Hudon is hit by Joseph Duszak and loses puck.
3:03 of 3rd period - Icing by Steven Fogarty.
3:04 of 3rd period - Steven Fogarty wins face-off versus John Leonard in Condors zone.
3:04 of 3rd period - Steven Fogarty is hit by John Leonard.
3:14 of 3rd period - Shot by Cameron Wright.
3:14 of 3rd period - Stopped by Cal Petersen without a rebound.
3:15 of 3rd period - Mavrik Bourque wins face-off versus Steven Fogarty in Wolfpack zone.
3:49 of 3rd period - Shot by Cameron Wright.
3:49 of 3rd period - Stopped by Cal Petersen without a rebound.
3:50 of 3rd period - Vasili Ponomarev wins face-off versus Tristen Nielsen in Wolfpack zone.
3:58 of 3rd period - Minor Penalty to John Leonard for Roughing.
3:59 of 3rd period - Mavrik Bourque wins face-off versus Brendan Gaunce in Wolfpack zone.
4:12 of 3rd period - Mackenzie Entwistle is hit by Brendan Gaunce and loses puck.
4:25 of 3rd period - Shot by Mackenzie Entwistle.
4:25 of 3rd period - Shot Misses the Net.
4:55 of 3rd period - Shot by Joel Kiviranta.
4:55 of 3rd period - Shot Hit the Post.
4:57 of 3rd period - Shot by Aidan Fulp.
4:57 of 3rd period - Stopped by Cal Petersen with a rebound.
4:59 of 3rd period - Shot by Joel Kiviranta.
4:59 of 3rd period - Stopped by Cal Petersen without a rebound.
5:00 of 3rd period - Steven Fogarty wins face-off versus Mavrik Bourque in Wolfpack zone.
5:44 of 3rd period - Shot by Brendan Gaunce.
5:44 of 3rd period - Stopped by Cal Petersen without a rebound.
5:45 of 3rd period - Brendan Gaunce wins face-off versus Mavrik Bourque in Wolfpack zone.
5:54 of 3rd period - Shot by Isak Rosen.
5:54 of 3rd period - Stopped by Cal Petersen without a rebound.
5:55 of 3rd period - Mavrik Bourque wins face-off versus Brendan Gaunce in Wolfpack zone.
6:05 of 3rd period - Icing by Steven Fogarty.
6:06 of 3rd period - Cole Schneider wins face-off versus Steven Fogarty in Condors zone.
6:06 of 3rd period - John Leonard is hit by Patrik Koch and loses puck.
6:09 of 3rd period - Shot by Jacob MacDonald.
6:09 of 3rd period - Shot Misses the Net.
6:14 of 3rd period - Minor Penalty to Patrik Koch for Cross-checking.
6:15 of 3rd period - Mavrik Bourque wins face-off versus Isak Rosen in Condors zone.
6:15 of 3rd period - Mavrik Bourque is hit by Xavier Ouellet.
7:03 of 3rd period - Shot by Nicolas Deslauriers.
7:03 of 3rd period - Stopped by Peyton Jones without a rebound.
7:04 of 3rd period - Charles Hudon wins face-off versus Isak Rosen in Condors zone.
7:17 of 3rd period - Shot by Marco Scandella.
7:17 of 3rd period - Shot Blocked by Joseph Duszak.
7:19 of 3rd period - Shot by Josh Mahura.
7:19 of 3rd period - Goal by Josh Mahura - Wolfpack : 4 - Condors : 4.
7:20 of 3rd period - Vasili Ponomarev wins face-off versus Steven Fogarty in neutral zone.
7:33 of 3rd period - Shot by Vasili Ponomarev.
7:33 of 3rd period - Shot Misses the Net.
7:41 of 3rd period - Shot by John Leonard.
7:41 of 3rd period - Deflect By Vasili Ponomarev.
7:41 of 3rd period - Stopped by Peyton Jones without a rebound.
7:42 of 3rd period - Brendan Gaunce wins face-off versus Tyler Madden in Condors zone.
7:51 of 3rd period - Shot by Tyler Madden.
7:51 of 3rd period - Stopped by Peyton Jones without a rebound.
7:52 of 3rd period - Mavrik Bourque wins face-off versus Tristen Nielsen in Condors zone.
7:53 of 3rd period - Shot by Mackenzie Entwistle.
7:53 of 3rd period - Shot Misses the Net.
7:55 of 3rd period - Shot by Drake Caggiula.
7:55 of 3rd period - Shot Misses the Net.
7:57 of 3rd period - Shot by Mackenzie Entwistle.
7:57 of 3rd period - Deflect By Drake Caggiula.
7:57 of 3rd period - Stopped by Peyton Jones with a rebound.
8:39 of 3rd period - Tristen Nielsen is hit by Nicolas Deslauriers and loses puck.
8:40 of 3rd period - Minor Penalty to Nicolas Deslauriers for Cross-checking.
8:41 of 3rd period - Brendan Gaunce wins face-off versus Mavrik Bourque in Wolfpack zone.
9:10 of 3rd period - Shot by Xavier Ouellet.
9:10 of 3rd period - Shot Misses the Net.
9:12 of 3rd period - Shot by Joseph Duszak.
9:12 of 3rd period - Shot Blocked by Marco Scandella.
9:14 of 3rd period - Shot by Brendan Gaunce.
9:14 of 3rd period - Stopped by Cal Petersen without a rebound.
9:15 of 3rd period - Drake Caggiula wins face-off versus Steven Fogarty in Wolfpack zone.
10:03 of 3rd period - Shot by Brendan Gaunce.
10:03 of 3rd period - Shot Misses the Net.
10:05 of 3rd period - Shot by Isak Rosen.
10:05 of 3rd period - Goal by Isak Rosen - Wolfpack : 4 - Condors : 5.
10:06 of 3rd period - Charles Hudon wins face-off versus Steven Fogarty in neutral zone.
10:18 of 3rd period - Shot by Cameron Wright.
10:18 of 3rd period - Deflect By Steven Fogarty.
10:18 of 3rd period - Shot Misses the Net.
10:27 of 3rd period - Kyle Rau is hit by Dillon Heatherington and loses puck.
10:32 of 3rd period - Shot by Cameron Wright.
10:32 of 3rd period - Shot Blocked by Dillon Heatherington.
10:49 of 3rd period - Isak Rosen is hit by Drew Helleson and loses puck.
10:54 of 3rd period - Shot by Isak Rosen.
10:54 of 3rd period - Shot Misses the Net.
10:59 of 3rd period - Minor Penalty to Dillon Heatherington for Roughing.
11:00 of 3rd period - Mavrik Bourque wins face-off versus Brendan Gaunce in Wolfpack zone.
11:51 of 3rd period - Shot by Aidan Fulp.
11:51 of 3rd period - Shot Misses the Net.
13:16 of 3rd period - Shot by Cameron Wright.
13:16 of 3rd period - Stopped by Cal Petersen without a rebound.
13:17 of 3rd period - Charles Hudon wins face-off versus Tristen Nielsen in Wolfpack zone.
13:24 of 3rd period - Shot by Gage Quinney.
13:24 of 3rd period - Stopped by Peyton Jones without a rebound.
13:25 of 3rd period - Vasili Ponomarev wins face-off versus Cameron Wright in Condors zone.
13:26 of 3rd period - Shot by Cole Schneider.
13:26 of 3rd period - Stopped by Peyton Jones without a rebound.
13:27 of 3rd period - Steven Fogarty wins face-off versus Vasili Ponomarev in Condors zone.
13:27 of 3rd period - Steven Fogarty is hit by John Leonard.
13:32 of 3rd period - Dillon Heatherington is hit by Patrik Koch and loses puck.
14:14 of 3rd period - Off-side.
14:15 of 3rd period - Jack Studnicka wins face-off versus Charles Hudon in neutral zone.
14:41 of 3rd period - Shot by Alex Belzile.
14:41 of 3rd period - Shot Misses the Net.
14:52 of 3rd period - Charles Hudon is hit by Joel Kiviranta and loses puck.
15:31 of 3rd period - Icing by Matthew Phillips.
15:32 of 3rd period - Tyler Madden wins face-off versus Steven Fogarty in Wolfpack zone.
15:48 of 3rd period - Kyle Rau is hit by Tyler Madden and loses puck.
15:58 of 3rd period - Icing by Bryan Yoon.
15:59 of 3rd period - Vasili Ponomarev wins face-off versus Steven Fogarty in Condors zone.
17:10 of 3rd period - Icing by Drake Caggiula.
17:11 of 3rd period - Brendan Gaunce wins face-off versus Mavrik Bourque in Wolfpack zone.
17:12 of 3rd period - Shot by Isak Rosen.
17:12 of 3rd period - Shot Misses the Net.
17:42 of 3rd period - Shot by Mason Jobst.
17:42 of 3rd period - Shot Misses the Net.
18:00 of 3rd period - Shot by Nicolas Deslauriers.
18:00 of 3rd period - Stopped by Peyton Jones without a rebound.
18:01 of 3rd period - Tristen Nielsen wins face-off versus Vasili Ponomarev in Condors zone.
18:07 of 3rd period - Xavier Ouellet is hit by Dillon Heatherington and loses puck.
18:18 of 3rd period - Shot by Tristen Nielsen.
18:18 of 3rd period - Goal by Tristen Nielsen - Wolfpack : 4 - Condors : 6.
18:19 of 3rd period - Charles Hudon wins face-off versus Jack Studnicka in neutral zone.
18:46 of 3rd period - Shot by Jacob MacDonald.
18:46 of 3rd period - Stopped by Peyton Jones with a rebound.
18:48 of 3rd period - Shot by Gage Quinney.
18:48 of 3rd period - Goal by Gage Quinney - Wolfpack : 5 - Condors : 6.
18:49 of 3rd period - Steven Fogarty wins face-off versus Vasili Ponomarev in neutral zone.
18:58 of 3rd period - Shot by Cameron Wright.
18:58 of 3rd period - Shot Misses the Net.
19:04 of 3rd period - Wolfpack, Cal Petersen is pulled from the net.
19:10 of 3rd period - Shot by John Leonard.
19:10 of 3rd period - Shot Blocked by Steven Fogarty.
19:12 of 3rd period - Shot by Vasili Ponomarev.
19:12 of 3rd period - Stopped by Peyton Jones with a rebound.
19:14 of 3rd period - Shot by John Leonard.
19:14 of 3rd period - Stopped by Peyton Jones without a rebound.
19:15 of 3rd period - Alex Belzile wins face-off versus Mavrik Bourque in Condors zone.
19:38 of 3rd period - Shot by Drake Caggiula.
19:38 of 3rd period - Stopped by Peyton Jones without a rebound.
19:39 of 3rd period - Alex Belzile wins face-off versus Mavrik Bourque in Condors zone.
19:39 of 3rd period - Alex Belzile is hit by Mackenzie Entwistle.
19:45 of 3rd period - Shot by Jack Studnicka.
19:45 of 3rd period - Shot Misses the Net.
19:54 of 3rd period - Icing by Xavier Ouellet.
19:55 of 3rd period - Mavrik Bourque wins face-off versus Alex Belzile in Condors zone.
19:57 of 3rd period - Drake Caggiula is hit by Xavier Ouellet and loses puck.
Goals for this period are 2 for Wolfpack vs 2 for Condors.
Shots for this period are 14 for Wolfpack vs 12 for Condors.